cohdb
Replays
Latest Replays
All Replays
Popular Replays
Top Player Replays
Match Explorer
How It Works
Community
CoH3 Stats
Reddit
Sign in to upload your games and track your stats! →
Sign in with Steam
Match 45764258
Unlisted
Match 45764258
Overview
Messages
Build Orders
End
Panzergrenadier Squad
Selects Italian Infantry
250 Light Carrier
Panzerpioneer Squad
Construct Light Support Kompanie
Panzerjäger Squad
Combat Half-tracks
Assault Grenadier Squad
Assault Mechanized Group
Selects Guastatori Squad
Guastatori Squad
Fire Support Elements
Pak 38 Anti-tank Gun Team
AI Takeover
Gumshoe.Cambro
SickOFCauger
Skeng.Tecnica.International
Rather Splendid Cromwell
0
0
Comments
sign in to comment!
No comments posted yet!